AoeStats
← jphilkill

Black Forest

507261164Analyzed
4v4 RM · 15d ago on Sep 17, 2026· 67m 2s· 8 players
Game mode
Random Map
Map size
Large (8 player)
Population
200
Speed
Normal
Resources
Standard
Victory
Conquest
Starting age
Dark Age
Ending age
Imperial Age
RankedLock teamsTeams togetherTeam positionsShared explorationLock speedFull tech treeHidden civsTurbo modeCheats
Victory
Defeat
🇨🇳 Jurchens · China
934
+16
🇷🇺 Ethiopians · Russia
887
+18
🇨🇳 Khmer · China
864
+19
🇨🇳 Persians · China
863
+19
🇰🇷 Bohemians · South Korea
958
-19
🇰🇷 Romans · South Korea
939
-18
🇰🇷 Berbers · South Korea
938
-18
🇩🇪 Celts · Germany
916
-17
HoLeeFuk
1:29 Loom
14:14 Feudal Age
18:07 Castle Age
16:14 Double-Bit Axe
16:11 Horse Collar
16:20 Arson
17:22 Forging
20:28 Iron Casting
20:25 Bow Saw
28:21 Royal Heirs
28:27 Scale Mail Armor
39:14 Squires
46:39 Caravan
47:11 Coinage
49:56 Imperial Age
47:34 Gold Mining
50:16 Heavy Plow
50:07 Halberdier
52:25 Wheelbarrow
53:34 Hand Cart
53:05 Town Watch
53:41 Chain Mail Armor
53:43 Fortified Wall
54:52 Conscription
54:51 Elite Shotel Warrior
king vitt
0:28 Loom
13:10 Feudal Age
13:37 Horse Collar
13:46 Double-Bit Axe
19:54 Castle Age
18:34 Gold Mining
20:20 Wheelbarrow
23:30 Bow Saw
24:19 Hand Cart
26:01 Heavy Plow
26:39 Gold Shaft Mining
31:39 Imperial Age
29:25 Caravan
33:51 Town Watch
33:36 Heavy Rocket Cart
33:40 Heavy Scorpion
35:28 Chemistry
34:49 Ballistics
34:36 Siege Engineers
35:42 Two-Man Saw
35:16 Crop Rotation
35:05 Town Patrol
35:08 Capped Ram
38:44 Thunderclap Bombs
38:30 Siege Ram
咖喱棒
0:40 Loom
14:08 Feudal Age
20:25 Castle Age
18:47 Horse Collar
19:13 Double-Bit Axe
19:40 Gold Mining
19:50 Stone Mining
22:10 Bow Saw
22:04 Heavy Plow
26:37 Gold Shaft Mining
26:47 Stone Shaft Mining
26:39 Town Watch
30:16 Wheelbarrow
32:57 Imperial Age
31:50 Forging
31:46 Scale Barding Armor
32:04 Hand Cart
33:18 Husbandry
33:29 Bloodlines
32:41 Cavalier
33:44 Conscription
34:08 Crop Rotation
35:32 Two-Man Saw
35:39 Iron Casting
35:25 Chain Barding Armor
35:50 Elite War Elephant
38:29 Blast Furnace
38:06 Plate Barding Armor
39:34 Ballistics
39:26 Masonry
40:01 Caravan
45:31 Citadels
45:36 Savar
47:44 Fletching
47:55 Padded Archer Armor
48:25 Crossbowman
49:11 Thumb Ring
49:08 Bodkin Arrow
49:28 Leather Archer Armor
51:13 Kamandaran
星玖
0:37 Loom
13:45 Feudal Age
20:42 Castle Age
19:11 Stone Mining
20:02 Double-Bit Axe
20:52 Gold Mining
20:47 Horse Collar
30:33 Wheelbarrow
30:02 Heavy Plow
30:14 Bow Saw
30:42 Gold Shaft Mining
30:44 Stone Shaft Mining
30:44 Tusk Swords
31:02 Fletching
31:18 Scale Barding Armor
34:12 Imperial Age
32:06 Hand Cart
32:48 Ballistics
33:03 Bodkin Arrow
33:48 Chain Barding Armor
34:44 Fortified Wall
35:23 Conscription
35:06 Bracer
36:23 Chemistry
35:32 Caravan
36:04 Elite Ballista Elephant
37:54 Plate Barding Armor
37:46 Double Crossbow
38:52 Siege Engineers
41:14 Light Cavalry
42:04 Bloodlines
42:08 Forging
42:03 Husbandry
43:05 Hussar
56:54 Masonry
parkzzil
0:35 Loom
13:46 Feudal Age
18:35 Castle Age
19:32 Double-Bit Axe
22:04 Bloodlines
22:01 Husbandry
34:52 Imperial Age
32:18 Light Cavalry
33:38 Bow Saw
33:11 Horse Collar
33:23 Gold Mining
34:27 Heavy Plow
34:58 Kasbah
36:35 Gold Shaft Mining
35:53 Cavalier
36:22 Hussar
37:56 Scale Barding Armor
38:04 Forging
38:26 Stone Mining
39:12 Crop Rotation
39:05 Fortified Wall
38:36 Treadmill Crane
39:20 Conscription
40:02 Wheelbarrow
39:15 Onager
41:01 Chain Barding Armor
42:26 Chemistry
47:19 Stone Shaft Mining
47:37 Ballistics
47:56 Siege Engineers
53:34 Hand Cart
53:52 Guilds
55:30 Plate Barding Armor
59:13 Iron Casting
63:12 Blast Furnace
ggkdigk
1:22 Loom
12:54 Feudal Age
14:12 Wheelbarrow
13:29 Double-Bit Axe
15:00 Horse Collar
17:51 Castle Age
18:39 Heavy Plow
18:51 Bow Saw
23:31 Hand Cart
25:45 Gold Mining
25:46 Stone Mining
27:13 Gold Shaft Mining
30:57 Imperial Age
28:51 Ballistics
28:44 Forging
28:36 Scale Mail Armor
28:41 Scale Barding Armor
30:10 Town Watch
31:03 Iron Casting
30:44 Chain Mail Armor
30:52 Caravan
31:18 Town Patrol
31:45 Chain Barding Armor
31:15 Fletching
32:15 Crop Rotation
32:48 Chemistry
34:13 Blast Furnace
34:33 Siege Engineers
34:56 Conscription
34:41 Ballistas
34:57 Comitatenses
34:06 Capped Ram
36:18 Heavy Scorpion
36:38 Elite Centurion
38:41 Guilds
38:27 Bodkin Arrow
39:39 Masonry
39:26 Murder Holes
40:08 Plate Barding Armor
40:37 Siege Ram
41:41 Man-at-Arms
42:22 Squires
41:42 Pikeman
42:04 Onager
42:12 Halberdier
42:40 Long Swordsman
43:28 Legionary
45:28 Bloodlines
45:18 Husbandry
46:45 Architecture
45:58 Cavalier
rneod2
0:35 Loom
12:09 Feudal Age
16:22 Castle Age
14:40 Double-Bit Axe
16:13 Horse Collar
25:26 Heavy Plow
27:07 Bow Saw
29:54 Chemistry
29:16 Ballistics
31:34 Imperial Age
30:11 Wheelbarrow
29:23 Town Watch
30:55 Fortified Wall
30:54 Wagenburg Tactics
33:24 Hand Cart
33:09 Town Patrol
32:48 Houfnice
35:12 Two-Man Saw
34:32 Masonry
35:08 Squires
34:29 Pikeman
34:55 Arson
35:43 Forging
35:33 Scale Mail Armor
36:03 Hussite Reforms
37:04 Iron Casting
38:07 Halberdier
38:08 Man-at-Arms
39:52 Chain Mail Armor
40:58 Blast Furnace
41:18 Long Swordsman
42:33 Block Printing
42:31 Redemption
42:21 Atonement
42:47 Illumination
42:23 Devotion
42:43 Sanctity
43:07 Two-Handed Swordsman
44:14 Champion
46:07 Theocracy
45:26 Onager
48:16 Plate Mail Armor
47:49 Caravan
47:59 Guilds
51:31 Architecture
jphilkill
0:41 Loom
15:37 Feudal Age
17:47 Double-Bit Axe
21:23 Castle Age
19:07 Horse Collar
19:59 Gold Mining
20:03 Stone Mining
Connection lost

Rejoining the realm…

Still unreachable

The connection could not be restored.

Session expired

The server has moved on; the page needs a fresh start.